 Dungeon Crawl Stone Soup version 0.22.1-6-g1668fe2 (webtiles) character file.

175 Fang the Chopper (level 5, 0/49 HPs)
             Began as a Gargoyle Berserker on Jan 17, 2019.
             Was a Believer of Trog.
             Slain by a crocodile (12 damage)
             ... in a sewer.
             The game lasted 00:03:40 (2347 turns).

Fang the Chopper (Gargoyle Berserker)               Turns: 2347, Time: 00:03:41

Health: 0/49       AC: 15    Str: 26    XL:     5   Next: 55%
Magic:  14/14      EV:  7    Int:  8    God:    Trog [**....]
Gold:   63         SH:  0    Dex:  9    Spells: 4/4 levels left

rFire    . . .     SeeInvis .   a - +0 hand axe
rCold    . . .     Gourm    .   (no shield)
rNeg     + . .     Faith    .   j - +0 plate armour
rPois    ∞         Spirit   .   (no helmet)
rElec    +         Reflect  .   (no cloak)
rCorr    .         Harm     .   (no gloves)
MR       .....                  (no boots)
Stlth    ..........             (no amulet)
HPRegen  0.16/turn              f - ring of magical power
MPRegen  0.14/turn              (no ring)

@: berserking, very quick
A: negative energy resistance 1, electricity resistance, unbreathing,
petrification resistance, rot immunity, AC +4
a: Berserk, Trog's Hand, Renounce Religion


You were in a sewer.
You worshipped Trog.
Trog was pleased with you.
You were hungry.

You visited 1 branch of the dungeon, and saw 4 of its levels.
You also visited: Sewer.

You collected 63 gold pieces.

Inventory:

Hand Weapons
 a - a +0 hand axe (weapon)
Armour
 j - a +0 plate armour (worn)
Jewellery
 f - a ring of magical power (left hand)
 s - an uncursed ring of see invisible {unknown}
Scrolls
 e - a scroll of enchant weapon {unknown}
 g - a scroll of fear {unknown}
 h - 5 scrolls of identify {unknown}
 i - 3 scrolls of remove curse {unknown}
 k - a scroll of teleportation {unknown}
 n - a scroll of blinking {unknown}
 q - a scroll of magic mapping {unknown}
 r - 2 scrolls of immolation {unknown}
Potions
 b - a potion of flight {unknown}
 d - 3 potions of resistance {unknown}
 l - 2 potions of curing {unknown}
 m - a potion of brilliance {unknown}
 o - a potion of berserk rage {unknown}
 p - a potion of cancellation {unknown}
Comestibles
 c - 4 rations
 t - 6 chunks of flesh


   Skills:
 + Level 4.3 Fighting
 + Level 4.4 Axes
 + Level 2.7 Armour
 + Level 2.0 Dodging
 + Level 0.8 Stealth


You had 4 spell levels left.
You didn't know any spells.
Your spell library was empty.

Dungeon Overview and Level Annotations

Branches:
Dungeon (4/15)
 Temple: D:4-7

Altars:


Innate Abilities, Weirdness & Mutations

You are resistant to torment.
Your stone body is resilient. (AC +4)
You are immune to poison.
You resist negative energy. (rN+)
You are resistant to electric shocks. (rElec)
You can survive without breathing.
You are immune to petrification.
You are immune to rotting.


Message History

You are too injured to fight recklessly!
You are too injured to fight recklessly!
You are too injured to fight recklessly!
You are too injured to fight recklessly!
You are too injured to fight recklessly!
You are too injured to fight recklessly!
You are too injured to fight recklessly!
You are too injured to fight recklessly!
A red film seems to cover your vision as you go berserk!
You feel yourself moving faster!
You feel mighty!
You are feeling hungry.
The crocodile bites you but does no damage.
You barely miss the crocodile.
The crocodile is lightly wounded.
The crocodile bites you!
* * * LOW HITPOINT WARNING * * *
You slash the crocodile!
The crocodile is heavily wounded.
The crocodile bites you!
You die...

##...## ##.## #.#
#.# ###### #.#
#.....# #.# $......
#.#
$$.....####.#######
/?....t@...........
"$.....############
$...... #.....#
######


You could see a crocodile.

Vanquished Creatures
  A worker ant (D:4)
  2 adders
  6 gnolls (D:3)
  An ooze (D:2)
  4 worms
  2 dart slugs (D:2)
  2 leopard geckos (D:2)
  6 orcs (D:3)
  7 bats
  2 goblins
  2 jackals (D:3)
  9 kobolds
  2 ball pythons
  8 frilled lizards
  2 rats
56 creatures vanquished.

Notes
Turn   | Place    | Note
-------+----------+-------------------------------------------
     0 | D:1      | Fang the Gargoyle Berserker began the quest for the Orb.
     0 | D:1      | Reached XP level 1. HP: 14/14 MP: 1/1
   432 | D:1      | Reached XP level 2. HP: 19/19 MP: 2/2
   918 | D:2      | Reached XP level 3. HP: 24/24 MP: 3/3
  1365 | D:3      | Reached XP level 4. HP: 24/29 MP: 4/4
  1452 | D:3      | Reached ** piety under Trog
  1923 | D:3      | Reached XP level 5. HP: 30/33 MP: 5/5
  2226 | D:4      | Found a glowing drain.
  2312 | Sewer    | Entered a sewer
  2339 | Sewer    | Noticed a crocodile
  2347 | Sewer    | Slain by a crocodile

Skill      XL: |  1  2  3  4 |
---------------+-------------+-----
Axes           | 3 4 |  4.4
Fighting       | 4 |  4.3
Dodging        | 2 |  2.0
Armour         | |  2.7
Stealth        | |  0.8

Action                   |  1- 3 |  4- 6 || total
-------------------------+-------+-------++-------
Melee: Hand axe          |   106 |   111 ||   217
Invok: Berserk           |       |     2 ||     2
  Eat: Chunk             |     1 |     5 ||     6
Armor: Animal skin       |    24 |       ||    24
       Plate armour      |    40 |    90 ||   130
Dodge: Dodged            |    65 |    48 ||   113
